 Dungeon Crawl Stone Soup version 0.17.1-2-g5865329 (webtiles) character file.

328133 Mysteryquy the Slayer (level 21, -1/206 HPs)
             Began as a Hill Orc Fighter on Jan 23, 2016.
             Was the Champion of Okawaru.
             Slain by the Enchantress
             ... wielding a +4 rapier of protection
              (20 damage)
             ... on level 3 of the Depths on Jan 25, 2016.
             The game lasted 02:17:52 (48009 turns).

Mysteryquy the Slayer (Hill Orc Fighter)           Turns: 48009, Time: 02:17:52

Health: -1/206     AC: 21    Str: 38    XL:     21   Next: 69%
Magic:  25/29      EV:  7    Int: 10    God:    Okawaru [******]
Gold:   4213       SH: 17    Dex: 13    Spells: 0 memorised, 20 levels left

rFire  + . .     SeeInvis .     C - +7 broad axe of the Unseen Realm {flame, Str+4 Int+2}
rCold  + . .     Clarity  .     a - +0 gold dragon armour
rNeg   + . .     SustAt   .     s - +0 shield {reflect}
rPois  +         Gourm    .     h - +0 helmet of the Crown {Str+4 Slay+3}
rElec  .         Spirit   .     I - +1 cloak {rPois}
rCorr  .         Warding  .     (no gloves)
rMut   .         Rnd*Tele +     H - +2 pair of boots {run}
MR     ++...                    K - amulet of regeneration
Stlth  ..........               v - +4 ring of strength
                                X - ring "Boejuab" {rN+ MR+}

@: about to teleport, finesse, corroded equipment, drained, quick, very
resistant to hostile enchantments, extremely unstealthy
A: iridescent scales 1, teleportitis 1, subdued magic 1
a: Heroism, Finesse, Renounce Religion
}: 2/15 runes: decaying, serpentine


You were on level 3 of the Depths.
You worshipped Okawaru.
Okawaru was exalted by your worship.
You were hungry.

You visited 6 branches of the dungeon, and saw 38 of its levels.
You also visited: Ossuary, Bailey, Ice Cave and Volcano.

You collected 6094 gold pieces.
You spent 1881 gold pieces at shops.

Inventory:

Hand Weapons
 i - a +3 antimagic demon blade
 k - the +10 war axe of Rigiaj {freeze, Int+3}
   (You found it on level 10 of the Dungeon)

   It has been specially enchanted to freeze those struck by it, causing extra
   injury to most foes and up to half again as much damage against particularly
   susceptible opponents.
   It can also slow down cold-blooded creatures.
   It affects your intelligence (+3).
 C - the +7 broad axe of the Unseen Realm (weapon) {flame, Str+4 Int+2}
   (Okawaru gifted it to you on level 5 of the Lair of Beasts)

   It has been specially enchanted to burn those struck by it, causing extra
   injury to most foes and up to half again as much damage against particularly
   susceptible opponents.
   Big, fiery blades are also staple armaments of hydra-hunters.
   It affects your strength (+4).
   It affects your intelligence (+2).
 T - the +7 triple sword "Leviticus" {drain, +Blink Int-5 Dex+3}
   (Okawaru gifted it to you on level 4 of the Swamp)

   A truly terrible weapon, it drains the life of those it strikes.
   It affects your intelligence (-5).
   It affects your dexterity (+3).
   It lets you blink.
Armour
 a - a +0 gold dragon armour (worn)
 h - the +0 helmet of the Crown (worn) {Str+4 Slay+3}
   (You found it on level 7 of the Dungeon)

   It affects your strength (+4).
   It affects your accuracy and damage with ranged weapons and melee attacks
   (+3).
 p - a +2 hat of see invisible
 s - a +0 shield of reflection (worn)
 H - a +2 pair of boots of running (worn)
 I - a +1 cloak of poison resistance (worn)
 R - a +1 plate armour of magic resistance
 Z - a +3 plate armour of cold resistance
Jewellery
 n - an uncursed amulet of resist mutation
 v - a +4 ring of strength (right hand)
 K - an amulet of regeneration (around neck)
 Q - an uncursed ring of sustain attributes
 X - the ring "Boejuab" (left hand) {rN+ MR+}
   (You found it on level 6 of the Lair of Beasts)

   [ring of positive energy]

   It protects you from negative energy.
   It affects your resistance to hostile enchantments.
Wands
 l - a wand of digging (8)
 q - a wand of teleportation (4)
Scrolls
 f - 15 scrolls of teleportation
 g - 10 scrolls of identify
 j - 15 scrolls of remove curse
 u - 9 scrolls of magic mapping
 w - a scroll of recharging
 y - 2 scrolls of holy word
 G - 2 scrolls of enchant weapon
 J - 4 scrolls of blinking
 M - 2 scrolls of fog
 N - 3 scrolls of fear
 S - 2 scrolls of enchant armour
Potions
 b - 3 potions of resistance
 d - 4 potions of might
 o - a potion of brilliance
 t - 2 potions of cure mutation
 z - 7 potions of agility
 A - 9 potions of curing
 B - 4 potions of haste
 E - 2 potions of cancellation
 O - a potion of magic
 W - a potion of flight
 Y - 2 potions of berserk rage
Books
 c - an Akashic Record

   Spells                             Type                      Level
   a - Dispersal                      Translocation                6
   b - Malign Gateway                 Summoning/Translocation      7
   c - Disjunction                    Translocation                8
   d - Controlled Blink               Translocation                8
 D - a book of Beasts

   Spells                             Type                      Level
   a - Summon Butterflies             Summoning                    1
   b - Call Canine Familiar           Summoning                    3
   c - Summon Ice Beast               Ice/Summoning                4
   d - Summon Mana Viper              Hexes/Summoning              5
   e - Summon Hydra                   Summoning                    7
Miscellaneous
 F - a box of beasts {used: 1}
Comestibles
 e - 19 bread rations
 m - 10 beef jerkies
 x - 19 meat rations
 L - 3 royal jellies
 P - 27 fruits


   Skills:
 + Level 21.8(21.1) Fighting
 - Level 12.8(12.2) Long Blades
 - Level 18.4(17.7) Axes
 + Level 17.1(16.4) Armour
 + Level 18.1(17.4) Shields
   Level 4.6(4.2) Necromancy
 - Level 11.2(10.6) Invocations


You had 20 spell levels left.
You didn't know any spells.

Dungeon Overview and Level Annotations

Branches:
Dungeon (15/15)            Temple (0/1) D:7            Lair (8/8) D:8
  Swamp (4/4) Lair:6        Snake (4/4) Lair:6        Slime (0/6) Lair:8
    Orc (4/4) D:10            Elf (0/3) Orc:3        Vaults (0/5) D:13
 Depths (3/5) D:15

Altars:
Cheibriados
Dithmenos
Fedhas
Gozag
Kikubaaqudgha
Makhleb
Okawaru
Qazlal
Ru
Sif Muna
Trog
Vehumet
Xom
The Shining One
Beogh
Jiyva

Shops:
D:4 (   D:8 :   D:9 %   D:11 ?   Orc:4 }*[}   Snake:3 =   Depths:2 [*(
Depths:3 !

Portals:
Hell: Lair:8 Depths:1 Depths:2
Pandemonium: Depths:1 Depths:2
Ziggurat: Depths:1

Annotations:
Lair:8 1 runed door
Swamp:4 exclusion: oklob plant
Depths:3 the Enchantress


Innate Abilities, Weirdness & Mutations

You are partially covered in iridescent scales (AC +4).
You are occasionally teleported next to monsters.
Your spells are a little easier to cast, but a little less powerful.


Message History

You block the spriggan rider's attack.
The spriggan air mage hits you but does no damage.
Drink which item? (? for menu, Esc to quit)
Okay, then.
You slash the spriggan air mage! You burn the spriggan air mage.
The spriggan air mage is lightly wounded.
You hit the Enchantress but do no damage.
The Enchantress is lightly wounded.
You hit the spriggan defender but do no damage.
The spriggan defender is moderately wounded.
The spriggan defender blocks your attack.
The spriggan defender is severely wounded.
You closely miss the spriggan air mage.
The spriggan air mage is moderately wounded.
The spriggan defender hits you with a demon whip of draining!!
* * * LOW HITPOINT WARNING * * *
You partially resist.
You feel drained.
* * * LOW HITPOINT WARNING * * *
The Enchantress hits you with a rapier of protection!!
You die...

#...... ..#
....... ..#
......##..#
#........#
........#
#......#...
#§i.i...... #@#
#.iii......
#i..#......
............
#...### #.%..
..... ....
.....#..... #..
....#........ ..
#.#...#####...#.#


You could see the Enchantress, 2 spriggan defenders, a spriggan rider and 2
spriggan air magi.

Vanquished Creatures
  Mara (Depths:2)
  Sojobo (Depths:2)
  A golden dragon (Depths:2)
  A bone dragon (Swamp:4)
  A lich (Depths:2)
  Jorgrun (Swamp:2)
  Asterion (Depths:3)
  Gastronok (Lair:3)
  3 thorn hunters
  Frances (Swamp:2)
  2 tengu reavers (Depths:2)
  7 greater nagas (Snake:4)
  Donald (Swamp:2)
  A fire giant (Depths:3)
  A frost giant (Depths:2)
  A spriggan defender (Depths:3)
  3 very ugly things (Depths:2)
  2 stone giants
  2 dire elephants (Lair:8)
  A white draconian (IceCv)
  A blizzard demon (Depths:2)
  4 ettins
  8 vault guards (D:13)
  A great orb of eyes (Depths:2)
  6 fire dragons
  Josephine (Orc:2)
  17 hydras
  6 ogre magi
  2 ice dragons
  A yaktaur captain (Depths:2)
  16 naga warriors
  11 anacondas
  A ghost crab (Swamp:4)
  An entropy weaver (Depths:2)
  A catoblepas (Lair:5)
  A ghost crab (shapeshifter) (D:15)
  Erica (D:11)
  6 alligators
  5 centaur warriors
  5 deep troll shamans
  3 orc high priests (Orc:4)
  A rakshasa (Depths:1)
  11 death yaks
  4 tengu warriors
  2 deep troll earth magi
  Urug (D:11)
  A spriggan berserker (Depths:3)
  7 naga sharpshooters
  A deep elf knight (D:15)
  Sonja (D:14)
  6 spriggans
  10 shock serpents
  A sun demon (Lair:8)
  3 unseen horrors
  A hell knight (D:15)
  5 salamander mystics
  8 deep trolls
  3 shambling mangroves
  A spriggan druid (Swamp:4)
  A sea snake (Snake:1)
  4 iron trolls (Depths:2)
  3 spectral hydras (Swamp:4)
  6 naga ritualists
  A wizard (Lair:8)
  A griffon (Lair:7)
  2 phantasmal warriors (Swamp:4)
  7 hill giants
  3 orc sorcerers (Orc:4)
  11 salamanders
  5 orc knights
  4 cyclopes
  A hornet (Swamp:4)
  9 mana vipers
  A sixfirhy (Lair:8)
  A faun (shapeshifter) (Depths:2)
  A smoke demon (Lair:8)
  8 elephants
  4 centaur zombies
  A manticore (D:15)
  8 ugly things
  14 guardian serpents
  3 orange demons (Lair:8)
  26 spiny frogs
  2 torpor snails (Lair:7)
  33 black mambas
  14 naga magi
  An efreet (D:14)
  9 komodo dragons
  4 gargoyles
  9 fire drakes
  3 yaktaurs
  4 swamp worm zombies (Swamp:4)
  3 deep elf priests
  6 blue devils
  4 red devils
  6 giant leeches
  A jumping spider (Depths:2)
  18 polar bears
  A merfolk (D:13)
  A troll (Orc:4)
  3 tengu conjurers
  4 hydra zombies (Swamp:4)
  13 two-headed ogres
  2 spectral swamp dragons (Swamp:4)
  8 blink frogs
  4 alligator zombies (Swamp:4)
  27 slime creatures
  8 bog bodies
  3 redbacks
  7 wraiths
  4 deep elf magi
  A trapdoor spider (D:12)
  3 shadows
  A basilisk (shapeshifter) (Depths:1)
  2 water elementals (D:15)
  3 deep elf fighters (D:14)
  A tarantella (Depths:3)
  17 vampire mosquitoes
  2 steam dragons
  12 wyverns
  81 yaks
  12 basilisks
  Grum (Lair:1)
  2 hungry ghosts
  21 wolves
  12 hippogriffs
  A warg (Orc:1)
  26 insubstantial wisps
  69 nagas
  29 swamp worms
  3 mottled dragons
  A naga (shapeshifter) (D:14)
  12 porcupines
  5 hell hounds
  18 water moccasins
  29 orc warriors
  2 necrophages
  4 sky beasts
  8 ice beasts (Lair:8)
  11 phantoms
  8 swamp drakes
  3 black bears
  3 swamp dragon zombies (Swamp:4)
  A black bear (shapeshifter) (D:15)
  15 wasps
  An eye of draining (D:11)
  20 crocodiles
  39 ogres
  2 brain worms
  8 big kobolds
  6 centaurs
  18 giant frogs
  7 scorpions
  A water moccasin skeleton (D:11)
  4 killer bees (D:9)
  5 wights (D:13)
  5 electric eels
  9 crimson imps
  2 quasits
  2 giant frog zombies
  An iron imp (Depths:1)
  2 giant frog skeletons
  A human zombie (Ossuary)
  2 jellies (D:12)
  Crazy Yiuf (D:7)
  20 orc priests
  8 hounds
  5 centaur skeletons
  2 hell rats (Lair:2)
  2 spectral swamp drakes (Swamp:4)
  7 iguanas
  15 worker ants
  21 orc wizards
  57 sheep
  5 mummies (Ossuary)
  A hound skeleton (D:5)
  2 worker ant zombies
  Robin (D:2)
  13 adders
  21 gnolls
  116 river rats
  A swamp drake zombie (Swamp:4)
  7 shadow imps
  An ooze (D:1)
  6 worms
  An adder skeleton (D:8)
  An adder zombie (D:9)
  7 giant geckos
  144 orcs
  42 goblins
  49 hobgoblins
  14 jackals
  3 quokkas
  5 bats
  5 giant cockroaches
  A giant gecko skeleton (D:5)
  8 giant newts
  A goblin zombie (Ossuary)
  A hobgoblin zombie (Ossuary)
  A jackal skeleton (D:6)
  A jackal zombie (D:5)
  35 kobolds
  2 kobold zombies (Ossuary)
  3 orc zombies (Ossuary)
  21 rats
  9 briar patches
  22 fungi
  5 plants
  A spectral weapon (Depths:3)
1773 creatures vanquished.

Vanquished Creatures (others)
  A very ugly thing (Swamp:4)
  A yaktaur (Depths:2)
  2 yaks (IceCv)
  2 wolves (IceCv)
  3 insubstantial wisps (Swamp:4)
  2 centaurs (Depths:3)
  A sheep (Lair:7)
  A briar patch (Swamp:3)
  25 fungi
  13 plants
51 creatures vanquished.

Grand Total: 1824 creatures vanquished

Notes
Turn   | Place    | Note
--------------------------------------------------------------
     0 | D:1      | Mysteryquy the Hill Orc Fighter began the quest for the Orb.
     0 | D:1      | Reached XP level 1. HP: 19/19 MP: 1/1
   200 | D:1      | Reached XP level 2. HP: 20/26 MP: 2/2
   332 | D:1      | Reached skill level 4 in Axes
   661 | D:1      | Reached XP level 3. HP: 31/31 MP: 3/3
   870 | D:2      | Reached skill level 5 in Axes
  1090 | D:2      | Reached XP level 4. HP: 37/39 MP: 4/4
  1105 | D:2      | Noticed Robin
  1112 | D:2      | Killed Robin
  1115 | D:2      | Reached skill level 6 in Axes
  1271 | D:2      | Found a shadowy altar of Dithmenos.
  1349 | D:2      | Found an iron altar of Okawaru.
  1416 | D:2      | Became a worshipper of Warmaster Okawaru
  1531 | D:2      | Found a deep blue altar of Sif Muna.
  1695 | D:2      | Reached XP level 5. HP: 42/45 MP: 5/5
  1935 | D:3      | Found a radiant altar of Vehumet.
  2105 | D:3      | Reached skill level 7 in Axes
  2115 | D:3      | Gained mutation: You are frail (-10% HP). [potion of mutation]
  2115 | D:3      | Gained mutation: You possess an exceptional clarity of mind. [potion of mutation]
  2116 | D:3      | Gained mutation: Your skin changes colour to match your surroundings (Stealth). [potion of mutation]
  2116 | D:3      | Gained mutation: Armour fits poorly on your strangely shaped body. [potion of mutation]
  2116 | D:3      | Gained mutation: You have very sharp teeth. [potion of mutation]
  2141 | D:3      | Lost mutation: Your skin changes colour to match your surroundings (Stealth). [potion of cure mutation]
  2141 | D:3      | Lost mutation: You are frail (-10% HP). [potion of cure mutation]
  2141 | D:3      | Lost mutation: Armour fits poorly on your strangely shaped body. [potion of cure mutation]
  2141 | D:3      | Lost mutation: You possess an exceptional clarity of mind. [potion of cure mutation]
  2141 | D:3      | Lost mutation: You have very sharp teeth. [potion of cure mutation]
  2561 | D:3      | Reached skill level 8 in Axes
  2561 | D:3      | Reached XP level 6. HP: 38/51 MP: 6/6
  2755 | D:3      | Reached skill level 9 in Axes
  3043 | D:3      | Reached XP level 7. HP: 41/57 MP: 7/7
  3288 | D:3      | Found an ancient bone altar of Kikubaaqudgha.
  3344 | D:3      | Found a bloodstained altar of Trog.
  3348 | D:3      | Found a blossoming altar of Fedhas.
  3348 | D:3      | Found a stormy altar of Qazlal.
  3355 | D:3      | Found a sacrificial altar of Ru.
  3357 | D:3      | Found an opulent altar of Gozag.
  3746 | D:4      | Found a sand-covered staircase.
  3760 | Ossuary  | Entered an ossuary
  3807 | Ossuary  | Reached skill level 10 in Axes
  3903 | Ossuary  | Reached * piety under Okawaru
  4696 | D:4      | Reached skill level 11 in Axes
  4733 | D:4      | Found Dihoffyk's Antique Weapon Boutique.
  4743 | D:4      | Bought a crude war axe for 170 gold pieces
  4743 | D:4      | Identified the +1 war axe "Ecvi" {drain, *Contam rPois Str+3 Int+2 Dex+3} (You bought it in a shop on level 4 of the Dungeon)
  5053 | D:4      | Reached XP level 8. HP: 52/64 MP: 8/8
  5106 | D:5      | Entered Level 5 of the Dungeon
  5147 | D:5      | Found a snail-covered altar of Cheibriados.
  5156 | D:5      | Reached skill level 12 in Axes
  5470 | D:5      | Reached ** piety under Okawaru
  6144 | D:6      | Reached skill level 13 in Axes
  6579 | D:6      | Found a stormy altar of Qazlal.
  6723 | D:6      | Reached skill level 14 in Axes
  6723 | D:6      | Reached XP level 9. HP: 70/70 MP: 9/9
  6844 | D:7      | Found a staircase to the Ecumenical Temple.
  7151 | D:7      | Reached skill level 15 in Axes
  7160 | D:7      | Got a heavily runed helmet
  7178 | D:7      | Identified the +0 helmet of the Crown {Str+4 Slay+3} (You found it on level 7 of the Dungeon)
  7197 | D:7      | Reached *** piety under Okawaru
  7363 | D:7      | Reached **** piety under Okawaru
  7363 | D:7      | Reached skill level 16 in Axes
  7377 | D:7      | Noticed Crazy Yiuf
  7380 | D:7      | Killed Crazy Yiuf
  7602 | D:7      | Found an iron altar of Okawaru.
  7723 | D:8      | Found Yhour's Book Emporium.
  8055 | D:8      | Reached XP level 10. HP: 62/76 MP: 7/10
  8058 | D:8      | Reached skill level 17 in Axes
  8069 | D:8      | Reached ***** piety under Okawaru
  8559 | D:7      | Reached skill level 1 in Invocations
  8750 | D:7      | Reached skill level 18 in Axes
  8751 | D:7      | Received a gift from Okawaru
  9038 | D:7      | Noticed an ettin
  9266 | D:8      | Reached skill level 5 in Invocations
  9408 | D:8      | Found a staircase to the Lair.
  9476 | D:8      | Reached XP level 11. HP: 66/81 MP: 14/16
 10061 | D:9      | Noticed an iron golem
 10061 | D:9      | Noticed an iron golem
 10061 | D:9      | Noticed an iron golem
 10061 | D:9      | Noticed an iron golem
 10534 | D:9      | Received a gift from Okawaru
 11235 | D:9      | Found Wumeaham's Food Emporium.
 11243 | D:9      | Bought a bread ration for 55 gold pieces
 11243 | D:9      | Bought a beef jerky for 16 gold pieces
 11599 | Lair:1   | Entered Level 1 of the Lair of Beasts
 11661 | Lair:1   | Reached skill level 10 in Invocations
 12136 | Lair:1   | Noticed Grum
 12162 | Lair:1   | Killed Grum
 12598 | Lair:1   | Reached skill level 5 in Fighting
 12977 | Lair:2   | Found a blossoming altar of Fedhas.
 13302 | Lair:2   | Reached skill level 5 in Shields
 13398 | Lair:2   | Reached ****** piety under Okawaru
 13398 | Lair:2   | Reached XP level 12. HP: 93/97 MP: 20/20
 13524 | Lair:2   | Reached skill level 5 in Armour
 13722 | Lair:3   | Found a dark tunnel.
 13729 | Volcano  | Entered a volcano
 13758 | Volcano  | Noticed a centaur warrior
 13774 | Volcano  | Killed a centaur warrior
 13774 | Volcano  | Received a gift from Okawaru
 14045 | Lair:3   | Reached XP level 13. HP: 92/107 MP: 21/21
 14616 | Lair:3   | Noticed Gastronok
 14634 | Lair:3   | Killed Gastronok
 14634 | Lair:3   | Received a gift from Okawaru
 14863 | Lair:4   | Reached skill level 10 in Long Blades
 16631 | Lair:5   | Reached XP level 14. HP: 97/116 MP: 22/22
 16760 | Lair:5   | Received a gift from Okawaru
 16763 | Lair:5   | Got an ancient broad axe {god gift}
 16770 | Lair:5   | Identified the +7 broad axe of the Unseen Realm {flame, Str+4 Int+2} (Okawaru gifted it to you on level 5 of the Lair of Beasts)
 17258 | Lair:6   | Found a staircase to the Swamp.
 17558 | Lair:6   | Gained mutation: You are occasionally teleported next to monsters. [mutagenic glow]
 17586 | Lair:6   | Found a staircase to the Snake Pit.
 17882 | Lair:6   | Got a bound lead ring
 17884 | Lair:6   | Identified the ring "Boejuab" {rN+ MR+} (You found it on level 6 of the Lair of Beasts)
 18294 | Lair:7   | Found a runed door.
 18501 | Lair:7   | Reached skill level 10 in Fighting
 18600 | Lair:7   | Received a gift from Okawaru
 19535 | Lair:7   | Received a gift from Okawaru
 19637 | Lair:7   | Identified a scroll of acquirement
 20495 | Lair:8   | Entered Level 8 of the Lair of Beasts
 20682 | Lair:8   | Received a gift from Okawaru
 20682 | Lair:8   | Reached XP level 15. HP: 118/130 MP: 17/23
 20688 | Lair:8   | Found a labyrinth entrance.
 20726 | Lair:8   | Identified a +2 pair of boots of running (Okawaru gifted it to you on level 8 of the Lair of Beasts)
 20750 | Lair:8   | Found a runed door.
 20751 | Lair:8   | Found a viscous altar of Jiyva.
 20751 | Lair:8   | Noticed an acid blob
 20872 | Lair:8   | Reached skill level 10 in Armour
 20947 | Lair:8   | Found a frozen archway.
 20989 | IceCv    | Entered an ice cave
 21467 | IceCv    | Reached skill level 10 in Shields
 21517 | IceCv    | Got a scintillating copper ring
 22305 | Lair:8   | Received a gift from Okawaru
 22335 | Lair:8   | Got an iridescent demon trident {god gift}
 22336 | Lair:8   | Identified the +8 demon trident "Alimusk" {pierce, rC+++} (Okawaru gifted it to you on level 8 of the Lair of Beasts)
 22698 | Lair:8   | Found a burning altar of Makhleb.
 22741 | Lair:8   | Found a gateway to Hell.
 22926 | Lair:8   | Received a gift from Okawaru
 22937 | Lair:8   | Got a faintly glowing trident {god gift}
 22938 | Lair:8   | Identified the +3 trident of the Establishment {drain, +Inv rElec Str+7 Dex-2} (Okawaru gifted it to you on level 8 of the Lair of Beasts)
 23174 | Lair:8   | Found a staircase to the Slime Pits.
 23791 | D:10     | Entered Level 10 of the Dungeon
 23813 | D:10     | Found a staircase to the Orcish Mines.
 24116 | D:10     | Got a warped war axe
 24117 | D:10     | Identified the +10 war axe of Rigiaj {freeze, Int+3} (You found it on level 10 of the Dungeon)
 24534 | D:11     | Reached XP level 16. HP: 147/147 MP: 14/24
 24590 | D:11     | Noticed Urug
 24602 | D:11     | Killed Urug
 24827 | D:11     | Identified the ring "Bonuas" {rF+++ Dex+4} (You found it in an ice cave)
 24961 | D:11     | Noticed Erica
 24970 | D:11     | Killed Erica
 24970 | D:11     | Received a gift from Okawaru
 25125 | D:11     | Found Izeudyod's Magic Scroll Emporium.
 25133 | D:11     | Bought a scroll of teleportation for 45 gold pieces
 25133 | D:11     | Bought 3 scrolls of teleportation for 135 gold pieces
 25585 | D:12     | Found a flagged portal.
 25600 | Bailey   | Entered a bailey
 25938 | D:12     | Gained mutation: You are partially covered in iridescent scales (AC +4). [mutagenic meat]
 25939 | D:12     | Gained mutation: Your spells are a little easier to cast, but a little less powerful. [mutagenic meat]
 26696 | D:13     | Found a gate to the Vaults.
 26711 | D:13     | Reached skill level 15 in Fighting
 27558 | D:14     | Noticed Sonja
 27659 | D:14     | Received a gift from Okawaru
 28205 | D:14     | Killed Sonja
 28475 | D:15     | Entered Level 15 of the Dungeon
 28743 | D:15     | Found a glowing golden altar of the Shining One.
 29158 | D:15     | Found a roughly hewn altar of Beogh.
 29440 | D:15     | Found a staircase to the Depths.
 30021 | Swamp:1  | Entered Level 1 of the Swamp
 30171 | Swamp:1  | Noticed a thorn hunter
 30182 | Swamp:1  | Killed a thorn hunter
 30182 | Swamp:1  | Reached XP level 17. HP: 66/159 MP: 25/25
 30355 | Swamp:1  | Found a shadowy altar of Dithmenos.
 31026 | Swamp:2  | Noticed Jorgrun
 31031 | Swamp:2  | Killed Jorgrun
 31200 | Swamp:2  | Noticed Frances
 31209 | Swamp:2  | Killed Frances
 31780 | Swamp:2  | Noticed Donald
 31798 | Swamp:2  | Killed Donald
 32153 | Swamp:3  | Received a gift from Okawaru
 33120 | Swamp:4  | Entered Level 4 of the Swamp
 35059 | Snake:1  | Entered Level 1 of the Snake Pit
 35951 | Snake:1  | Reached XP level 18. HP: 171/171 MP: 26/26
 37598 | Snake:3  | Reached skill level 15 in Shields
 37932 | Snake:3  | Found Qesetaq's Jewellery Emporium.
 38299 | Snake:3  | Received a gift from Okawaru
 38749 | Snake:4  | Entered Level 4 of the Snake Pit
 39394 | Snake:4  | Reached skill level 15 in Armour
 39417 | Snake:4  | Reached skill level 19 in Fighting
 40367 | Snake:4  | Received a gift from Okawaru
 40417 | Snake:4  | Reached XP level 19. HP: 143/182 MP: 22/27
 40935 | Snake:4  | Got a serpentine rune of Zot
 41797 | Swamp:4  | Noticed a bone dragon
 42061 | Swamp:4  | Killed a bone dragon
 42061 | Swamp:4  | Received a gift from Okawaru
 42061 | Swamp:4  | Reached skill level 20 in Fighting
 42064 | Swamp:4  | Got a pitted triple sword {god gift}
 42065 | Swamp:4  | Identified the +7 triple sword "Leviticus" {drain, +Blink Int-5 Dex+3} (Okawaru gifted it to you on level 4 of the Swamp)
 42347 | Swamp:4  | Got a decaying rune of Zot
 42919 | Orc:1    | Entered Level 1 of the Orcish Mines
 43537 | Orc:3    | Found a staircase to the Elven Halls.
 43613 | Orc:4    | Entered Level 4 of the Orcish Mines
 44159 | Orc:4    | Found Veikluzei's Gadget Boutique.
 44159 | Orc:4    | Found Payly's Gadget Shoppe.
 44161 | Orc:4    | Found Jetset's Antique Armour Boutique.
 44161 | Orc:4    | Found Kucuboug's General Store.
 44176 | Orc:4    | Bought a bread ration for 60 gold pieces
 44800 | Orc:2    | Noticed Josephine
 44808 | Orc:2    | Killed Josephine
 44935 | Orc:2    | Found a burning altar of Makhleb.
 45221 | Depths:1 | Entered Level 1 of the Depths
 45246 | Depths:1 | Found a gateway to a ziggurat.
 45451 | Depths:1 | Received a gift from Okawaru
 45458 | Depths:1 | Got a dazzling hand axe {god gift}
 45459 | Depths:1 | Identified the +1 hand axe "Tant" {chop, rF+} (Okawaru gifted it to you on level 1 of the Depths)
 45493 | Depths:1 | Found a shimmering altar of Xom.
 46093 | Depths:1 | Found a one-way gate leading to the halls of Pandemonium.
 46520 | Depths:2 | Noticed a lich
 46525 | Depths:2 | Killed a lich
 46525 | Depths:2 | Received a gift from Okawaru
 46525 | Depths:2 | Reached XP level 20. HP: 159/195 MP: 28/28
 46600 | Depths:2 | Found Gozag's Antique Armour Shoppe.
 46614 | Depths:2 | Noticed a golden dragon
 46614 | Depths:2 | Found an opulent altar of Gozag.
 46624 | Depths:2 | Found Gozag's Assorted Antiques.
 46633 | Depths:2 | Noticed Sojobo
 46659 | Depths:2 | Killed Sojobo
 46692 | Depths:2 | Killed a golden dragon
 46692 | Depths:2 | Reached skill level 21 in Fighting
 46695 | Depths:2 | Found Gozag's Antique Weapon Emporium.
 46893 | Depths:2 | Bought a scroll of enchant armour for 750 gold pieces
 46927 | Depths:2 | Noticed Mara
 47079 | Depths:2 | Killed Mara
 47615 | Depths:3 | Found Fumokya's Distillery.
 47720 | Depths:3 | Received a gift from Okawaru
 47829 | Depths:3 | Bought a potion of experience for 650 gold pieces
 47829 | Depths:3 | Reached XP level 21. HP: 206/206 MP: 29/29
 47849 | Depths:3 | Noticed Asterion
 47868 | Depths:3 | Killed Asterion
 47993 | Depths:3 | Noticed the Enchantress
 48009 | Depths:3 | Slain by the Enchantress

Action                   |  1- 3 |  4- 6 |  7- 9 | 10-12 | 13-15 | 16-18 | 19-21 || total
-------------------------+-------+-------+-------+-------+-------+-------+-------++-------
Melee: War axe           |   109 |   238 |   350 |   455 |   355 |   854 |   172 ||  2533
       Broad axe         |       |       |       |       |   628 |   566 |   701 ||  1895
Invok: Heroism           |       |       |     1 |     1 |     5 |       |     1 ||     8
       Finesse           |       |       |       |     1 |     7 |     2 |     4 ||    14
Evoke: Wand              |       |       |       |       |     3 |     1 |     1 ||     5
       Box of beasts     |       |       |       |       |       |     1 |       ||     1
  Use: Potion            |       |    10 |     3 |     4 |     4 |     1 |     5 ||    27
       Scroll            |       |       |    10 |    13 |    12 |    12 |    15 ||    62
  Eat: Chunk             |     1 |     5 |    14 |    19 |    31 |    42 |    17 ||   129
       Pizza             |       |       |     1 |       |       |     3 |       ||     4
       Royal jelly       |       |       |     2 |       |       |       |       ||     2
       Meat ration       |       |       |       |       |     1 |       |     2 ||     3
       Fruit             |       |       |       |       |       |     2 |       ||     2
       Beef jerky        |       |       |       |       |       |     1 |       ||     1
       Bread ration      |       |       |       |       |       |       |     1 ||     1
